 Dungeon Crawl Stone Soup version 0.21.0-37-g46506fa (webtiles) character file.

18 hexophile the Ducker (level 2, -10/14 HPs)
             Began as a Spriggan Transmuter on Jan 30, 2018.
             Mangled by a worm (12 damage)
             ... on level 3 of the Dungeon.
             The game lasted 00:03:09 (1408 turns).

hexophile the Ducker (Spriggan Transmuter)          Turns: 1408, Time: 00:03:10

Health: -10/14     AC:  2    Str:  6    XL:     2   Next: 51%
Magic:  6/6        EV: 19    Int: 14    God:
Gold:   55         SH:  0    Dex: 16    Spells: 5/6 levels left

rFire    . . .     SeeInvis +   j - +1 dagger (speed)
rCold    + . .     Gourm    .   (shield restricted)
rNeg     + . .     Faith    .   b - +0 robe
rPois    .         Spirit   .   (helmet restricted)
rElec    .         Reflect  .   (no cloak)
rCorr    .         Harm     .   (gloves unavailable)
MR       .....                  (boots unavailable)
Stlth    ++........             (no amulet)
HPRegen  0.04/turn              q - ring of positive energy {rN+}
MPRegen  0.10/turn              n - ring of protection from cold {rC+}

@: very quick
A: very small, unfitting armour, see invisible, herbivore, speed 3, slow
metabolism 2
a: no special abilities


You were on level 3 of the Dungeon.
You were not hungry.

You visited 1 branch of the dungeon, and saw 3 of its levels.

You collected 55 gold pieces.


Innate Abilities, Weirdness & Mutations

You are very small and have problems with some larger weapons.
You are too small for most types of armour.
You have supernaturally acute eyesight. (SInv)
You are a herbivore.
You cover ground extremely quickly.
You need consume almost no food.

Inventory:

Hand Weapons
 j - a +1 dagger of speed (weapon)
Missiles
 a - 12 arrows
 g - 13 poisoned needles
Armour
 b - a +0 robe (worn)
Jewellery
 e - an uncursed ring of see invisible {SInv}
 n - a ring of protection from cold (right hand) {rC+}
 q - a ring of positive energy (left hand) {rN+}
Scrolls
 f - a scroll of teleportation {unknown}
 h - 2 scrolls of remove curse {unknown}
 i - 2 scrolls of identify
 k - 2 scrolls of random uselessness {unknown}
 l - 2 scrolls of amnesia {unknown}
 r - a scroll of magic mapping {unknown}
Potions
 m - a potion of flight {unknown}
 p - a potion of haste {unknown}
Books
 c - a book of Changes

   Spells                             Type                      Level
   a - Beastly Appendage              Transmutation                1
   b - Sticks to Snakes               Transmutation                2
   c - Spider Form                    Transmutation/Poison         3
   d - Ice Form                       Ice/Transmutation            4
   e - Blade Hands                    Transmutation                5
Comestibles
 d - 3 rations
 o - 2 chunks of flesh


You had 5 spell levels left.
You knew the following spells:

 Your Spells              Type           Power        Failure   Level  Hunger
a - Beastly Appendage     Tmut           #.....       8%          1    #......


   Skills:
 - Level 0.7 Fighting
 - Level 3.5 Dodging
 + Level 2.5 Stealth
 - Level 2.6 Unarmed Combat
 - Level 2.6 Spellcasting
 - Level 2.6 Transmutations

Dungeon Overview and Level Annotations

Branches:
Dungeon (3/15)

Altars:
Ashenzari

Annotations:
D:2 Natasha
D:3 Sigmund

Vault maps used:
D:1:      saegor_arrival_simple_f
D:2:      elyvilon_altar_5, first_ration, minmay_goblin_outpost, uniq_natasha
D:3:      kiku_gazebo_pond_becter, ashenzari_altar_1, nicolae_ru_path_of_blood,
          uniq_sigmund
You       could see a worm.


Message History

The worm barely misses you.
You hit the worm but do no damage.
The worm is moderately wounded.
You barely miss the worm.
The worm is moderately wounded.
The worm closely misses you.
You hit the worm.
The worm is moderately wounded.
You hit the worm.
The worm is heavily wounded.
You barely miss the worm.
The worm is heavily wounded.
The worm misses you.
You hit the worm but do no damage.
The worm is moderately wounded.
You barely miss the worm.
The worm is moderately wounded.
The worm bites you.
You lost 2 HP.
You have now: 8/14 HP.
You hit the worm.
The worm is heavily wounded.
You hit the worm. You punch the worm.
The worm is severely wounded.
The worm misses you.
You completely miss the worm.
The worm is severely wounded.
You hit the worm but do no damage.
The worm is severely wounded.
You barely miss the worm.
The worm is severely wounded.
The worm bites you.
* * * LOW HITPOINT WARNING * * *
!MASSIVE DAMAGE!
YOU LOST 6 HP!
You have now: 2/14 HP.
You hit the worm.
The worm is heavily wounded.
You hit the worm but do no damage.
The worm is heavily wounded.
The worm bites you but does no damage.
You barely miss the worm.
The worm is heavily wounded.
You hit the worm.
The worm is heavily wounded.
You hit the worm.
The worm is severely wounded.
You hit the worm but do no damage.
The worm is heavily wounded.
The worm bites you!
Ouch! That really hurt!
You die...

Action                   || total
-------------------------++-------
Melee: Dagger            ||    82
       Unarmed           ||    23
       Headbutt          ||     1
       Punch             ||     1
 Cast: Beastly Appendage ||     4
  Use: Scroll            ||     1
 Stab: Sleeping          ||     3
Armor: Robe              ||    12
Dodge: Dodged            ||    80

Notes
Turn   | Place    | Note
-------+----------+-------------------------------------------
     0 | D:1      | hexophile the Spriggan Transmuter began the quest for the Orb.
     0 | D:1      | Reached XP level 1. HP: 9/9 MP: 5/5
   344 | D:1      | Reached skill level 1 in Stealth
   553 | D:1      | Reached XP level 2. HP: 7/14 MP: 6/6
  1076 | D:2      | Reached skill level 2 in Stealth
  1104 | D:2      | Noticed Natasha
  1349 | D:3      | Found a shattered altar of Ashenzari.
  1352 | D:3      | Noticed Sigmund
  1408 | D:3      | Mangled by a worm

Table legend:
 A = Turns spent in this place as a percentage of turns spent in the entire game.
 B = Non-inter-level travel turns spent in this place as a percentage of non-inter-level travel turns spent in the entire game.
 C = Inter-level travel turns spent in this place as a percentage of turns spent in this place.
 D = Turns resting spent in this place as a percentage of non-inter-level travel turns spent in this place.
 E = Turns spent auto-exploring this place as a percentage of non-inter-level travel turns spent in this place.
 F = Non-inter-level travel turns spent in this place divided by the number of levels of this place that you've seen.
                   A       B       C       D       E      F
               +-------+-------+-------+-------+-------+----------------------
         Total | 100.0 | 100.0 |   1.7 |  27.5 |  40.6 | 461.3
       Dungeon | 100.0 | 100.0 |   1.7 |  27.5 |  40.6 | 461.3
               +-------+-------+-------+-------+-------+----------------------

Table legend:
 A = Kills in this place as a percentage of kills in entire the game.
 B = Kills by you in this place as a percentage of kills by you in the entire game.
 C = Kills by friends in this place as a percentage of kills by friends in the entire game.
 D = Other kills in this place as a percentage of other kills in the entire game.
 E = Experience gained in this place as a percentage of experience gained in the entire game.
 F = Experience gained in this place divided by the number of levels of this place that you have seen.
                   A       B       C       D       E      F
               +-------+-------+-------+-------+-------+----------------------
         Total | 100.0 | 100.0 |   N/A |   N/A | 100.0 |   9.0
       Dungeon | 100.0 | 100.0 |   N/A |   N/A | 100.0 |   9.0
               +-------+-------+-------+-------+-------+----------------------

Vanquished Creatures
  3 kobolds (D:1)
  A ball python (D:1)
  6 bats
  3 frilled lizards
  3 goblins
  5 rats
21 creatures vanquished.
